 Dungeon Crawl Stone Soup version 0.28-a0-1334-g1c9ffb4daf (webtiles) character file.

Game seed: 5874522987245447123

113 HessuHobo the Skirmisher (level 4, 0/60 HPs)
             Began as a Draconian Berserker on Dec 28, 2021.
             Was a Believer of Trog.
             Slain by Terence (2 damage)
             ... on level 3 of the Dungeon.
             The game lasted 00:02:28 (3081 turns).

HessuHobo the Skirmisher (Draconian Berserker)      Turns: 3081, Time: 00:02:28

Health: 0/60       AC:  5    Str: 22    XL:     4   Next: 65%
Magic:  4/4        EV: 12    Int: 13    God:    Trog [**....]
Gold:   118        SH:  3    Dex: 10    Spells: 3/3 levels left

rFire   . . .      SeeInvis .   a - +0 falchion
rCold   . . .      Faith    .   e - +0 buckler
rNeg    . . .      Spirit   .   (armour unavailable)
rPois   .          Reflect  .   (helmet restricted)
rElec   .          Harm     .   (no cloak)
rCorr   .          Rampage  .   (no gloves)
Will    .....                   (no boots)
Stlth   ..........              (no amulet)
HPRegen 0.20/turn               c - +6 ring of intelligence
MPRegen 0.09/turn               (no ring)

@: berserking, very quick
A: AC +5, unfitting armour, cold-blooded
a: Renounce Religion, Berserk, Trog's Hand


You were on level 3 of the Dungeon.
You worshipped Trog.
Trog was pleased with you.
You visited 1 branch of the dungeon, and saw 3 of its levels.

You collected 118 gold pieces.

Inventory:

Hand Weapons
 a - a +0 falchion (weapon)
Armour
 e - a +0 buckler (worn)
Jewellery
 c - a +6 ring of intelligence (left hand)
Scrolls
 b - 3 scrolls of identify {unknown}
Potions
 d - a potion of attraction {unknown}
 f - a potion of brilliance {unknown}


   Skills:
 + Level 4.2 Fighting
 + Level 3.7 Long Blades
 + Level 3.4 Dodging
 + Level 1.7 Shields


You had 3 spell levels left.
You didn't know any spells.
Your spell library was empty.

Dungeon Overview and Level Annotations

Branches:
Dungeon (3/15)

Altars:

Shops:
D:2 ([**[

Annotations:
D:3 Terence


Innate Abilities, Weirdness & Mutations

Your plain brown scales are hard. (AC +5)
You cannot fit into any form of body armour.
You are cold-blooded and may be slowed by cold attacks.


Message History

A bat is nearby!
The bat hits you but does no damage.
You barely miss the bat.
Your tail-slap misses the bat.
The bat barely misses you.
You closely miss the bat. The bat hits you but does no damage. x2
You closely miss the bat.
Your tail-slap misses the bat.
The bat barely misses you. The bat misses you. The bat closely misses you.
The bat hits you. The bat barely misses you. The bat completely misses you.
The bat misses you. The bat hits you but does no damage.
You slash the bat!
You kill the bat!
Trog accepts your kill.
No target in view!
No target in view!
No target in view!
Found 15 stones.
Terence the Incautious comes into view.
He is wielding a +1 vorpal flail and wearing a +2 ring mail of poison resistance.
Terence shouts!
Terence is nearby!
Terence is nearby!
You barely miss Terence.
You tail-slap Terence, but do no damage.
Terence hits you with a +1 vorpal flail.
You closely miss Terence.
Terence hits you with a +1 vorpal flail.
Terence hits you with a +1 vorpal flail!
You barely miss Terence.
Terence hits you with a +1 vorpal flail.
* * * LOW HITPOINT WARNING * * *
A red film seems to cover your vision as you go berserk!
You feel yourself moving faster!
You feel mighty!
Terence hits you with a +1 vorpal flail!
* * * LOW HITPOINT WARNING * * *
x2 You closely miss Terence.
Terence hits you with a +1 vorpal flail!
* * * LOW HITPOINT WARNING * * *
You die...

#......# #......###
#......##. #......##.
#......##.
.(############......##.
.......................
###.............###.
#@###########.# #.
+...@............# #.
####.######.....## #.
#.# ###.....##### ...
............. ..#
###.....#.... ..#
#.....#.... ...#
#.....#....
#......###..


You could see Terence.

Vanquished Creatures
  An orc priest (D:3)
  An orc wizard (D:3)
  An adder (D:2)
  3 orcs (D:3)
  2 endoplasms (D:1)
  2 giant cockroaches
  6 goblins
  6 hobgoblins
  6 kobolds
  4 quokkas
  2 ball pythons
  8 bats
  2 rats (D:1)
44 creatures vanquished.

Notes
Turn   | Place    | Note
-------+----------+-------------------------------------------
     0 | D:1      | HessuHobo the Draconian Berserker began the quest for the
                  | Orb.
     0 | D:1      | Reached XP level 1. HP: 19/19 MP: 1/1
   247 | D:1      | Reached XP level 2. HP: 26/26 MP: 2/2
  1085 | D:1      | Reached XP level 3. HP: 33/33 MP: 3/3
  1510 | D:2      | Found a faded altar of an unknown god.
  1514 | D:2      | Found Etzut's Antique Weapon Shop.
  1650 | D:2      | Reached skill level 1 in Shields
  2016 | D:2      | Found Jyry's Antique Armour Shop.
  2083 | D:2      | Found Lovekh's General Store.
  2145 | D:2      | Found Kesuudghi's General Store.
  2300 | D:2      | Found Puigg's Antique Armour Boutique.
  2775 | D:3      | Reached skill level 4 in Fighting
  2775 | D:3      | Reached XP level 4. HP: 29/40 MP: 4/4
  2775 | D:3      | Reached ** piety under Trog
  3075 | D:3      | Noticed Terence
  3081 | D:3      | HP: 2/60 [Terence (7)]
  3081 | D:3      | Slain by Terence

Illustrated notes

Levels and vault maps discovered:
D:1:      dpeg_arrival_tiny_c, layout_basic
D:2:      layout_basic, serial_shops, nicolae_shop_behind_doors,
          nicolae_shop_advertising_works [nicolae_subvault_shop_adworks], shop,
          shop, nicolae_shop_overgrown_old_shop, nicolae_ecumenical_oubliette
D:3:      layout_basic, minmay_lizard_king, uniq_terence, uniq_natasha

Skill      XL: |  1  2  3 |
---------------+----------+-----
Dodging        | 3 |  3.4
Shields        | 1 |  1.7
Fighting       | 4 |  4.2
Long Blades    | |  3.7

Action                   |  1- 3 |  4- 6 || total
-------------------------+-------+-------++-------
Melee: Falchion          |   148 |    13 ||   161
       Tailslap          |    18 |     1 ||    19
Invok: Berserk           |     1 |     1 ||     2
Armor: Skin              |    52 |     4 ||    56
Dodge: Dodged            |    98 |     7 ||   105
Block: Buckler           |    16 |       ||    16

Table legend: (Time is in decaauts)
 A = Elapsed time spent in this place.
 B = Non-inter-level travel time spent in this place.
 C = Inter-level travel time spent in this place.
 D = Time resting spent in this place.
 E = Time spent auto-exploring this place.
 F = Levels seen in this place.
 G = Mean time per level.
                   A        B        C        D        E       F      G
               +--------+--------+--------+--------+--------+-----+--------+
         Total |   3122 |   3003 |    119 |   1023 |   1595 |   3 | 1040.7 |
       Dungeon |   3122 |   3003 |    119 |   1023 |   1595 |   3 | 1040.7 |
               +--------+--------+--------+--------+--------+-----+--------+

Top non-repeatable levels by time:
     D:1: 1525 daAuts
     D:2: 991 daAuts
     D:3: 605 daAuts
